 Dungeon Crawl Stone Soup version 0.26.1-11-gd32895ea62 (webtiles) character file.

Game seed: 1548542702014228673

44 nomophobia the Bolt Thrower (level 3, 0/22 HPs)
             Began as a Kobold Hunter on May 17, 2021.
             Killed from afar by an orc wizard (1 damage)
             ... with a magic dart
             ... on level 4 of the Dungeon.
             The game lasted 00:17:55 (1487 turns).

nomophobia the Bolt Thrower (Kobold Hunter)         Turns: 1487, Time: 00:17:56

Health: 0/22       AC:  6    Str:  9    XL:     3   Next: 87%
Magic:  3/3        EV: 13    Int: 18    God:
Gold:   60         SH:  0    Dex: 16    Spells: 2/2 levels left

rFire    . . .     SeeInvis .   b - +1 short sword
rCold    . . .     Faith    .   (shield restricted)
rNeg     . . .     Spirit   .   i - +0 ring mail
rPois    .         Reflect  .   (no helmet)
rElec    .         Harm     .   n - +0 cloak
rCorr    .         Rampage  .   (no gloves)
Will     .....                  (no boots)
Stlth    ++........             (no amulet)
HPRegen  0.07/turn              h - +6 ring of intelligence
MPRegen  0.08/turn              (no ring)

@: no status effects
A: small, nightstalker 3
a: no special abilities


You were on level 4 of the Dungeon.
You visited 1 branch of the dungeon, and saw 3 of its levels.

You collected 60 gold pieces.

Inventory:

Hand Weapons
 a - a +1 hand crossbow
 b - a +1 short sword (weapon)
Missiles
 d - 48 bolts
Armour
 i - a +0 ring mail (worn)
 n - a +0 cloak (worn)
Jewellery
 h - a +6 ring of intelligence (left hand)
Scrolls
 c - a scroll of magic mapping {unknown}
 e - a scroll of amnesia
 k - a scroll of teleportation
Potions
 f - a potion of brilliance
 l - a potion of heal wounds {unknown}
 o - a potion of ambrosia {unknown}


   Skills:
 + Level 2.6 Fighting
 + Level 1.2 Short Blades
 + Level 5.5 Crossbows
 + Level 2.8 Dodging
 + Level 2.1 Stealth


You had 2 spell levels left.
You didn't know any spells.
Your spell library was empty.

Dungeon Overview and Level Annotations

Branches:
Dungeon (2/15)

Altars:
The Shining One


Innate Abilities, Weirdness & Mutations

You are small and have problems with some larger weapons.
You are completely attuned to the shadows.


Message History

You miss something. Something barely misses you.
You hit something but do no damage.
You hear some strange, mumbled words.
A puff of flame appears from out of thin air!
The puff of flame hits you.
* * * LOW HITPOINT WARNING * * *
You miss something.
You hear some strange, mumbled words.
You miss something. Something hits you but does no damage.
You hit something.
You hear some strange, mumbled words.
A magic dart appears from out of thin air!
The magic dart hits you.
* * * LOW HITPOINT WARNING * * *
Something hits you.
* * * LOW HITPOINT WARNING * * *
You hear some strange, mumbled words.
A magic dart appears from out of thin air!
The magic dart hits you.
You die...

#.....o
#...... .
.....(
..####o)..$
#....#.#
####.#o#
#.#{#
#.#@###
#.......
#.#####.
#.# #.# #.


You could see 2 orcs.

Vanquished Creatures
  A worm (D:2)
  3 dart slugs
  A leopard gecko (D:2)
  An orc (D:4)
  3 bats
  2 giant cockroaches (D:1)
  3 goblins (D:1)
  4 hobgoblins
  2 jackals (D:2)
  A ball python (D:2)
  3 frilled lizards
  7 kobolds
  2 rats
33 creatures vanquished.

Notes
Turn   | Place    | Note
-------+----------+-------------------------------------------
     0 | D:1      | nomophobia the Kobold Hunter began the quest for the Orb.
     0 | D:1      | Reached XP level 1. HP: 12/12 MP: 1/1
   143 | D:1      | Reached skill level 5 in Crossbows
   193 | D:1      | Reached XP level 2. HP: 17/17 MP: 2/2
   418 | D:1      | Reached XP level 3. HP: 22/22 MP: 3/3
  1061 | D:2      | Reached skill level 1 in Short Blades
  1372 | D:2      | Found a glowing golden altar of the Shining One.
  1462 | D:2      | You fall into a shaft and drop 2 floors!
  1485 | D:4      | HP: 1/22 [something (1)]
  1487 | D:4      | Killed from afar by an orc wizard

Illustrated notes

Levels and vault maps discovered:
D:1:      minmay_arrival_glassed_features, layout_basic
D:2:      layout_loops_ring, tso_altar
D:4:      layout_basic, temple_doors_e, serial_shops, shop, uniq_blork_the_orc

Skill      XL: |  1  2  3 |
---------------+----------+-----
Crossbows      | 5 |  5.5
Short Blades   | 1 |  1.2
Stealth        | 2 |  2.1
Fighting       | |  2.6
Dodging        | |  2.8

Action                   || total
-------------------------++-------
Melee: Short sword       ||    53
 Fire: Hand crossbow     ||    34
  Use: Scroll            ||     8
Armor: Ring mail         ||    17
Dodge: Dodged            ||    40
